Map: Deathaura LE

Players

Scarlett - Winner!

  • Race: Zerg Zerg
  • League: Master
  • Spawn Location: 11:00

Neeb

  • Race: Protoss Protoss
  • Spawn Location: 5:00

Event: DreamHack SC2 Masters 2020 Winter

VOD

Have the link to the VOD?

Description

Time

  • Played on: Nov. 8, 2020, 4:30 p.m.
  • Length: 10:30

All games in this series

Show
View Real Time Build Order
Export as new Build Order

Scarlett Zerg - Winner!

Build Orders: Hatch First 

Get SALT Encoding   

  12  0:00  Drone  
  13  0:12  Overlord  
  13  0:16  Drone  
  14  0:30  Drone x2  
  16  0:38  Drone  
  17  0:51  Hatchery  
  17  0:55  Drone  
  17  0:57  Drone  
  18  1:09  Extractor  
  17  1:13  Spawning Pool  
  17  1:15  Drone  
  17  1:19  Drone  
  18  1:28  Drone  
  19  1:38  Drone  
  20  1:49  Overlord  
  20  1:59  Queen  
  22  2:02  Queen  
  22  2:03  Zergling x4  
  26  2:11  Drone  
  26  2:13  Drone  
  28  2:17  Metabolic Boost  
  28  2:21  Drone  
  29  2:24  Drone  
  30  2:32  Drone  
  30  2:34  Drone  
  32  2:40  Hatchery  
  31  2:45  Overlord  
  31  2:47  Drone  
  32  2:53  Queen  
  32  2:55  Zergling x2  
  35  3:00  Drone  
  36  3:06  Drone  
  36  3:09  Drone x4  
  41  3:16  Overlord  
  41  3:18  Queen  
  43  3:20  Drone  
  44  3:34  Queen, Overlord  
  44  3:37  Drone  
  44  3:38  Drone  
  48  3:41  Overlord  
  48  3:42  Drone x2  
  48  3:45  Zergling x2  
  50  3:54  Drone, Spore Crawler  
  50  3:58  Drone  
  50  4:00  Spore Crawler  
  50  4:01  Drone x2  
  52  4:03  Zergling x2  
  52  4:07  Drone  
  54  4:14  Drone x6  
  54  4:16  Queen  
  62  4:22  Overlord  
  62  4:23  Drone x3  
  65  4:27  Lair  
  65  4:31  Drone, Roach Warren  
  65  4:35  Overlord  
  65  4:37  Overlord  
  65  4:38  Drone  
  66  4:41  Extractor  
  66  4:42  Extractor  
  64  4:49  Drone x6  
  70  4:56  Drone x4  
  70  4:58  Extractor  
  70  4:59  Extractor  
  71  5:02  Evolution Chamber  
  71  5:05  Extractor  
  69  5:07  Zergling x6  
  69  5:10  Drone  
  69  5:13  Overlord  
  73  5:18  Drone x2, Spore Crawler  
  73  5:20  Drone  
  73  5:21  Drone x2  
  77  5:22  Drone  
  77  5:23  Overlord  
  77  5:24  Drone  
  77  5:27  Glial Reconstitution  
  79  5:31  Spire  
  78  5:37  Zerg Missile Weapons Level 1  
  78  5:42  Drone x6  
  84  5:43  Drone  
  85  5:52  Overlord  
  85  5:53  Drone  
  98  6:01  Drone  
  98  6:02  Hydralisk Den  
  98  6:08  Overlord x3  
  85  6:19  Overlord x5  
  85  6:28  Drone  
  85  6:30  Drone  
  89  6:34  Spore Crawler  
  89  6:36  Hatchery  
  87  6:45  Zerg Flyer Weapons Level 1  
  87  6:46  Corruptor x4  
  95  6:51  Corruptor x2  
  99  6:59  Corruptor x2  
  96  7:03  Drone  
  96  7:04  Drone x5  
  96  7:07  Corruptor  
  102  7:12  Corruptor  
  102  7:13  Corruptor  
  106  7:20  Drone x4  
  110  7:30  Drone x3  
  113  7:41  Roach x3  
  113  7:42  Roach x2  
  123  7:51  Roach  
  123  7:52  Roach x3  
  123  7:53  Extractor  
  123  7:56  Extractor  
  128  7:58  Roach  
  128  7:59  Roach x5  
  140  8:11  Roach x6  
  152  8:13  Overlord x3  
  152  8:26  Infestation Pit  
  150  8:29  Ravager x5  
  150  8:33  Roach  
  150  8:34  Roach x10  
  170  8:37  Overlord x2  
  170  8:42  Overlord  
  170  8:43  Hatchery  
  166  8:56  Overlord x3  
  162  9:03  Roach x11  
  182  9:15  Hive  
  178  9:18  Drone x3  
  178  9:20  Extractor  
  178  9:21  Extractor, Hatchery  
  178  9:23  Drone x4  
  178  9:24  Drone  
  183  9:25  Drone  
  178  9:38  Roach x7  
  186  9:58  Roach x9  
  198  10:04  Ravager  
  198  10:05  Ravager  
  196  10:15  Lurker Den  
Show
View Real Time Build Order
Export as new Build Order

Neeb Protoss 

Build Orders: 1 Gate Expand, Oracle Opening, Mass Phoenix, Zealot Archon 

Get SALT Encoding   

  12  0:00  Probe  
  13  0:12  Probe  
  14  0:18  Pylon  
  14  0:24  Probe  
  15  0:37  Probe (Chrono Boost)  
  15  0:39  Gateway  
  16  0:46  Probe (Chrono Boost)  
  16  0:48  Assimilator  
  17  0:51  Probe  
  18  1:03  Probe  
  19  1:15  Probe  
  20  1:25  Nexus  
  20  1:36  Cybernetics Core  
  20  1:38  Probe  
  21  1:44  Assimilator  
  21  1:50  Probe  
  21  1:52  Pylon  
  22  2:02  Probe (Chrono Boost)  
  23  2:09  Adept (Chrono Boost)  
  23  2:11  Probe (Chrono Boost)  
  26  2:17  Probe  
  26  2:20  Stargate  
  27  2:29  Probe  
  28  2:31  Adept (Chrono Boost)  
  28  2:34  Warp Gate  
  28  2:37  Probe  
  31  2:41  Probe  
  32  2:49  Probe  
  32  2:50  Shield Battery  
  33  2:53  Probe  
  33  2:54  Adept  
  36  2:58  Void Ray (Chrono Boost)  
  36  3:01  Probe  
  36  3:05  Probe  
  42  3:13  Pylon, Probe  
  42  3:17  Probe  
  44  3:25  Probe  
  45  3:28  Assimilator x2  
  45  3:29  Probe  
  46  3:35  Oracle  
  46  3:37  Probe (Chrono Boost)  
  50  3:41  Pylon  
  50  3:47  Probe (Chrono Boost)  
  52  3:49  Probe (Chrono Boost)  
  52  3:54  Probe (Chrono Boost)  
  52  3:55  Pylon, Probe (Chrono Boost)  
  54  4:03  Stargate  
  54  4:04  Probe  
  54  4:05  Probe  
  54  4:09  Pylon  
  56  4:13  Phoenix (Chrono Boost)  
  56  4:16  Probe  
  59  4:18  Probe  
  60  4:26  Nexus  
  60  4:28  Probe  
  60  4:31  Probe  
  62  4:36  Phoenix (Chrono Boost)  
  64  4:40  Probe  
  64  4:43  Probe  
  66  4:52  Probe  
  69  4:53  Phoenix x2 (Chrono Boost)  
  69  4:55  Probe  
  72  5:04  Pylon, Probe, Sentry  
  75  5:07  Pylon, Probe  
  78  5:19  Phoenix (Chrono Boost)  
  78  5:20  Pylon  
  78  5:22  Phoenix (Chrono Boost), Shield Battery, Probe x2  
  82  5:34  Probe x2  
  84  5:37  Phoenix  
  84  5:38  Probe  
  84  5:39  Phoenix  
  89  5:45  Robotics Facility  
  89  5:46  Probe x2 (Chrono Boost)  
  91  5:50  Probe (Chrono Boost), Sentry  
  91  5:51  Assimilator  
  91  5:53  Assimilator  
  94  5:58  Forge  
  94  5:59  Probe (Chrono Boost)  
  94  6:01  Twilight Council  
  94  6:02  Probe (Chrono Boost)  
  97  6:05  Probe (Chrono Boost)  
  97  6:08  Pylon, Probe (Chrono Boost)  
  99  6:11  Probe (Chrono Boost)  
  99  6:12  Pylon, Probe (Chrono Boost)  
  99  6:13  Probe  
  101  6:27  Gateway  
  101  6:28  Gateway  
  101  6:29  Gateway  
  101  6:31  Gateway, Protoss Ground Weapons Level 1 (Chrono Boost), Sentry  
  101  6:32  Observer  
  104  6:34  Gateway  
  104  6:35  Charge (Chrono Boost)  
  104  6:42  Gateway  
  104  6:43  Gateway  
  104  6:46  Gateway  
  104  6:49  Gateway  
  104  6:54  Templar Archives  
  104  6:59  Warp Prism  
  106  7:03  Zealot  
  106  7:05  Pylon  
  106  7:06  Pylon  
  108  7:21  Nexus  
  108  7:23  Pylon  
  108  7:24  Zealot x2  
  108  7:25  Zealot x2  
  113  7:32  Pylon  
  113  7:33  High Templar x2  
  113  7:36  High Templar  
  119  7:37  High Templar  
  119  7:38  Probe x2  
  119  7:41  High Templar  
  119  7:42  Warp Prism  
  119  7:43  Archon x2  
  119  7:44  High Templar  
  127  7:45  Zealot x4  
  135  8:00  Archon  
  133  8:09  Zealot x7  
  143  8:15  Probe x2  
  143  8:18  Photon Cannon  
  143  8:19  Shield Battery  
  146  8:24  Pylon  
  146  8:25  Pylon  
  146  8:26  Zealot x3  
  149  8:27  Pylon  
  149  8:31  Nexus, Zealot  
  137  8:37  Probe x2  
  132  8:51  Probe  
  129  8:59  High Templar x2, Immortal  
  129  9:00  Stalker x5  
  135  9:03  Stalker  
  135  9:10  Pylon  
  135  9:21  Nexus  
  135  9:27  Archon  
  123  9:35  Assimilator x2  
  123  9:36  High Templar x4, Immortal (Chrono Boost)  
  124  9:40  Archon  
  124  9:41  Archon, Zealot x2  
  127  9:55  Stalker x3  
  127  9:57  Probe  
  126  10:04  Nexus  
  115  10:23  Stalker x3  
Tags
 
Add a new tag
Caveats
  • Supply blocks, unpowered buildings, or Contaminate may cause inaccurate times.
  • Supply counts are checked every 10 seconds.